 Dungeon Crawl Stone Soup version 0.26.1-16-g4e020e15dc (webtiles) character file.

Game seed: 15481828606830155935

131 BiteMe the Firebug (level 4, -8/30 HPs)
             Began as a Demonspawn Fire Elementalist on Mar 7, 2023.
             Was an Initiate of Vehumet.
             Mangled by an ogre
             ... wielding a +0 giant club
              (23 damage)
             ... on level 4 of the Dungeon.
             The game lasted 00:31:33 (5445 turns).

BiteMe the Firebug (Demonspawn Fire Elementalist)   Turns: 5445, Time: 00:31:36

Health: -8/30      AC:  2    Str:  9    XL:     4   Next: 91%
Magic:  5/8        EV: 12    Int: 17    God:    Vehumet [......]
Gold:   185        SH:  0    Dex: 13    Spells: 7/8 levels left

rFire    . . .     SeeInvis .   t - +0 quarterstaff
rCold    . . .     Faith    .   (shield currently unavailable)
rNeg     . . .     Spirit   .   a - +0 robe
rPois    .         Reflect  .   (helmet restricted)
rElec    .         Harm     .   (no cloak)
rCorr    .         Rampage  .   (no gloves)
Will     .....                  (no boots)
Stlth    ++........             (no amulet)
HPRegen  0.10/turn              (no ring)
MPRegen  0.11/turn              (no ring)

@: no status effects
A: antennae 1, powered by death 1
a: Renounce Religion


You were on level 4 of the Dungeon.
You worshipped Vehumet.
Vehumet was noncommittal.
You visited 2 branches of the dungeon, and saw 5 of its levels.

You collected 185 gold pieces.

Inventory:

Hand Weapons
 b - a +0 club
 f - a +0 short sword
 h - a +0 mace
 l - a +0 dagger
 p - a +0 spear
 t - a +0 quarterstaff (weapon)
Missiles
 e - 10 sling bullets
 g - 52 arrows
Armour
 a - a +0 robe (worn)
Jewellery
 d - an uncursed amulet of reflection {unknown}
Scrolls
 c - a scroll of enchant armour {unknown}
 k - a scroll of identify {unknown}
 m - a scroll of enchant weapon {unknown}
 n - a scroll of fear {unknown}
 o - a scroll of teleportation {unknown}
 s - a scroll of fog {unknown}
 v - a scroll of remove curse {unknown}
 x - a scroll of amnesia {unknown}
Potions
 i - 2 potions of might {unknown}
 j - a potion of attraction {unknown}
 q - a potion of berserk rage {unknown}
 r - a potion of mutation {unknown}
 u - a potion of lignification {unknown}
 w - a potion of curing {unknown}


   Skills:
 + Level 0.3 Fighting
 * Level 2.1 Dodging
 - Level 1.7 Stealth
 * Level 2.9 Spellcasting
 * Level 2.2 Conjurations
 * Level 3.9 Fire Magic


You had 7 spell levels left.
You knew the following spells:

 Your Spells              Type           Power        Failure   Level
a - Foxfire               Conj/Fire      48%          4%          1

Your spell library contained the following spells:

 Spells                   Type           Power        Failure   Level
 Conjure Flame            Conj/Fire      12%          16%         3
 Freeze                   Ice            8%           19%         1
 Inner Flame              Hex/Fire       9%           24%         3
 Sticky Flame             Conj/Fire      12%          45%         4
 Frozen Ramparts          Ice            4%           47%         3
 Ozocubu's Armour         Ice            2%           47%         3
 Hailstorm                Conj/Ice       6%           73%         4
 Fireball                 Conj/Fire      6%           80%         5
 Summon Ice Beast         Ice/Summ       2%           87%         4


Dungeon Overview and Level Annotations

Branches:
Dungeon (4/15)             Temple (1/1) D:4

Altars:
Ashenzari
Cheibriados
Elyvilon
Fedhas
Gozag
Kikubaaqudgha
Okawaru
Ru
Sif Muna
Uskayaw
Vehumet
Xom
Zin

Shops:
D:4 :


Innate Abilities, Weirdness & Mutations

You have a pair of small antennae on your head.
You regenerate a little health from kills.


Message History

Press: ? - help, Q - select action Dir - look around, f - activate You conjure some foxfire!
The ogre hits you with a +0 giant club!
Ouch! That really hurt!
You closely miss the ogre.
The ogre is heavily wounded.
The foxfire hits the ogre.
The ogre is severely wounded.
The foxfire hits the ogre.
The ogre is severely wounded.
The ogre closely misses you.
You hit the ogre but do no damage.
The ogre is severely wounded.
The ogre barely misses you.
Casting: Foxfire (safe; 4% risk of failure)
Press: ? - help, Q - select action Dir - look around, f - activate You conjure some foxfire!
The ogre hits you with a +0 giant club!!
Ouch! That really hurt!
You die...

............#####......##.#
............'..........'..#
............#####......####
............#####......###
............##..'......'...
#######.######.##......####
#.# #.#.......... #.#
#.#v######### ##### #.#
#.#@O)......# ....# #.#
#.#.v######.## ###.# #.#
#.#..# .... #.#
#.######.#..# #..### #.#
#...........# #..# #.#
##########..# #..#
#.############..#####..#####
#.....................(.....
##############..#####.######


You could see an ogre.

Vanquished Creatures
  An orc wizard (D:4)
  2 adders
  3 worms (D:2)
  A dart slug (D:1)
  2 orcs (D:4)
  2 ball pythons
  8 bats
  3 giant cockroaches
  A goblin (D:1)
  7 hobgoblins
  2 jackals (D:2)
  8 kobolds
  A quokka (D:3)
  4 frilled lizards
  6 rats
51 creatures vanquished.

Vanquished Creatures (collateral kills)
  A foxfire (D:4)
1 creature vanquished.

Vanquished Creatures (others)
  An orc wizard (D:4)
  150 foxfires
  A plant (D:4)
152 creatures vanquished.

Grand Total: 204 creatures vanquished

Notes
Turn   | Place    | Note
-------+----------+-------------------------------------------
     0 | D:1      | BiteMe the Demonspawn Fire Elementalist began the quest for
                  | the Orb.
     0 | D:1      | Reached XP level 1. HP: 13/13 MP: 3/3
   107 | D:1      | Reached skill level 3 in Fire Magic
   459 | D:1      | Gained mutation: You regenerate a little health from kills.
                  | [demonic ancestry]
   459 | D:1      | Reached XP level 2. HP: 19/19 MP: 1/5
  2199 | D:2      | Gained mutation: You have a pair of small antennae on your
                  | head. [demonic ancestry]
  2199 | D:2      | Reached XP level 3. HP: 24/24 MP: 2/6
  3210 | D:2      | Found a faded altar of an unknown god.
  4274 | D:3      | Reached XP level 4. HP: 30/30 MP: 8/8
  4875 | D:4      | Found a staircase to the Ecumenical Temple.
  4943 | Temple   | Entered the Ecumenical Temple
  5023 | Temple   | Became a worshipper of Vehumet
  5100 | D:4      | Found Qyzaema's Book Boutique.
  5409 | D:4      | Noticed an ogre
  5445 | D:4      | Mangled by an ogre

Illustrated notes

Levels and vault maps discovered:
D:1:      elethiomel_arrival_shortcut, layout_basic
D:2:      layout_basic, chequers_ecumenical_altar_island
D:3:      layout_basic, minmay_overflow_temple_star_hex, nrook_uturn
D:4:      layout_basic, kennysheep_mini, minmay_temple_entry_overgrown,
          serial_shops, shop, kennysheep_generic_room_8
Temple:   nicolae_temple_god_jail

Skill      XL: |  1  2  3  4 |
---------------+-------------+-----
Fire Magic     | 3 |  3.9
Dodging        | 2 |  2.1
Conjurations   | 2 |  2.2
Fighting       | |  0.3
Stealth        | |  1.7
Spellcasting   | |  2.9

Action                   |  1- 3 |  4- 6 || total
-------------------------+-------+-------++-------
Melee: Short sword       |    11 |       ||    11
       Club              |     2 |       ||     2
       Quarterstaff      |     2 |     7 ||     9
 Cast: Foxfire           |    75 |    21 ||    96
Armor: Robe              |    10 |       ||    10
Dodge: Dodged            |    37 |     5 ||    42
